 Dungeon Crawl Stone Soup version 0.28-a0-804-g60983d4ba9 (webtiles) character file.

Game seed: 4054320859249639089

681 bande the Covered (level 7, -12/44 HPs)
             Began as a Gargoyle Fighter on Nov 8, 2021.
             Killed from afar by Ijyb (29 damage)
             ... with a bolt of acid
             ... on level 5 of the Dungeon.
             The game lasted 00:07:54 (6674 turns).

bande the Covered (Gargoyle Fighter)                Turns: 6674, Time: 00:07:54

Health: -12/44     AC: 12    Str: 21    XL:     7   Next: 61%
Magic:  0/7        EV:  7    Int:  8    God:
Gold:   256        SH:  4    Dex: 10    Spells: 6/6 levels left

rFire   . . .      SeeInvis .   a - +1 war axe
rCold   . . .      Faith    .   c - +0 buckler
rNeg    + . .      Spirit   +   m - +0 chain mail
rPois   ∞          Reflect  .   (no helmet)
rElec   +          Harm     .   e - +0 cloak
rCorr   .          Rampage  .   (no gloves)
Will    .....                   (no boots)
Stlth   ..........              b - amulet of guardian spirit
HPRegen 0.14/turn               (no ring)
MPRegen 0.10/turn               (no ring)

@: corroded
A: sickness immunity, AC +4, negative energy resistance 1, electricity
resistance, torment resistance 1, petrification resistance
a: no special abilities


You were on level 5 of the Dungeon.
You visited 1 branch of the dungeon, and saw 5 of its levels.

You collected 256 gold pieces.

Inventory:

Hand Weapons
 a - a +1 war axe (weapon)
 l - a +0 morningstar
Missiles
 p - a throwing net (quivered)
Armour
 c - a +0 buckler (worn)
 e - a +0 cloak (worn)
 m - a +0 chain mail (worn)
Jewellery
 b - an amulet of guardian spirit (around neck)
 j - a ring of fire
Wands
 i - a wand of polymorph (8)
Scrolls
 f - a scroll of fear
 g - 6 scrolls of identify
 o - a scroll of teleportation
 q - a scroll of blinking
Potions
 d - a potion of might
 h - a potion of curing
 k - a potion of resistance
 n - a potion of heal wounds
 r - a potion of brilliance
 s - a potion of invisibility {unknown}


   Skills:
 + Level 4.9 Fighting
 + Level 5.1 Axes
 + Level 5.5 Armour
 - Level 0.1 Stealth
 + Level 4.4 Shields
 * Level 0.6 Evocations


You had 6 spell levels left.
You didn't know any spells.
Your spell library contained the following spells:

 Spells                   Type           Power      Damage    Failure   Level
 Passwall                 Tmut/Erth      0%         N/A       99%         2
 Summon Guardian Golem    Hex/Summ       0%         N/A       100%        3
 Swiftness                Air            0%         N/A       100%        3
 Conjure Ball Lightning   Conj/Air       0%         3x3d6     100%        6
 Invisibility             Hex            0%         N/A       100%        6
 Orb of Destruction       Conj           0%         N/A       100%        7
 Spellforged Servitor     Conj/Summ      0%         N/A       100%        7
 Discord                  Hex            0%         N/A       100%        8
 Disjunction              Tloc           0%         N/A       100%        8


Dungeon Overview and Level Annotations

Branches:
Dungeon (5/15)
 Temple: D:4-7

Altars:
Cheibriados
Fedhas
Kikubaaqudgha
Sif Muna
Trog

Annotations:
D:5 Ijyb


Innate Abilities, Weirdness & Mutations

You are immune to sickness and miasma.
Your stone body is resilient. (AC +4)
You are immune to poison.
You resist negative energy. (rN+)
You are resistant to electric shocks. (rElec)
You are resistant to unholy torment.
You are immune to petrification.


Message History

You start waiting.
Done waiting.
You see here a +0 giant club.
You hear a distant slurping noise.
There is a shaft here.
You open the door.
There is an open door here.
s - a lumpy green potion
Things that are here:
a +0 club; a +0 leather armour No target in view!
No target in view!
No target in view!
No target in view!
Ijyb the Twisted Goblin comes into view.
She is wielding a +0 club, wearing a +0 chain mail of willpower and carrying a wand of acid (13).
Ijyb is nearby!
Ijyb zaps a wand.
The bolt of acid hits you!! The acid corrodes you!
You slash Ijyb!
Ijyb is moderately wounded.
Ijyb zaps a wand.
The bolt of acid hits you!
You are too injured to fight recklessly!
You are too injured to fight recklessly!
You are too injured to fight recklessly!
You are too injured to fight recklessly!
You are too injured to fight recklessly!
You are too injured to fight recklessly!
You are too injured to fight recklessly!
You are too injured to fight recklessly!
You are too injured to fight recklessly!
You barely miss Ijyb.
Ijyb is moderately wounded.
Ijyb hits you but does no damage.
You barely miss Ijyb.
Ijyb is moderately wounded.
Ijyb hits you but does no damage. You block Ijyb's attack.
You hit Ijyb but do no damage.
Ijyb is moderately wounded.
Ijyb zaps a wand.
The bolt of acid hits you!!
Ouch! That really hurt!
You die...

#.....##.......# ♣♣
#.....#........#
#.....####'#####
#(....#........#
#.....#.....)).#### .
#.....#.......))... ...
#..............)...
.....###.###............
.......@........######..
......g.........# #..
................# #..
................# #..
############....# #..
#....# #.. #....# #..
#..... #.. #..... #..


You could see Ijyb.

Vanquished Creatures
  Sigmund (D:3)
  A steam dragon (D:4)
  An ogre (D:5)
  The ghost of ziggurnaut the Grave Robber, a weakling TrNe of Nemelex Xobeh (D:4)
  A hound (D:4)
  An orc priest (D:5)
  Jessica (D:3)
  A hound skeleton (D:4)
  3 gnolls (D:5)
  3 adders
  A hound simulacrum (D:3)
  A white imp (D:3)
  An adder skeleton (D:4)
  A dart slug (D:1)
  2 adder simulacra (D:3)
  4 orcs (D:5)
  8 endoplasms
  3 giant cockroaches
  7 goblins
  8 hobgoblins
  11 jackals
  7 kobolds
  3 quokkas
  8 ball pythons
  6 bats
  9 frilled lizards
  A giant cockroach simulacrum (D:3)
  11 rats
106 creatures vanquished.

Notes
Turn   | Place    | Note
-------+----------+-------------------------------------------
     0 | D:1      | bande the Gargoyle Fighter began the quest for the Orb.
     0 | D:1      | Reached XP level 1. HP: 14/14 MP: 1/1
    32 | D:1      | Reached XP level 2. HP: 18/19 MP: 2/2
   510 | D:1      | Reached XP level 3. HP: 23/23 MP: 3/3
   523 | D:1      | Found a faded altar of an unknown god.
   867 | D:2      | Found an ancient bone altar of Kikubaaqudgha.
  1273 | D:2      | Reached XP level 4. HP: 21/29 MP: 4/4
  1751 | D:3      | Found a shimmering blue altar of Sif Muna.
  1771 | D:3      | Found a runed translucent gate.
  1771 | D:3      | Found a runed translucent gate.
  1771 | D:3      | Found a runed translucent gate.
  1803 | D:3      | Noticed Sigmund
  1831 | D:3      | Killed Sigmund
  1832 | D:3      | Reached XP level 5. HP: 14/33 MP: 5/5
  2363 | D:3      | Noticed Jessica
  2374 | D:3      | Killed Jessica
  2375 | D:3      | Reached XP level 6. HP: 37/38 MP: 6/6
  2904 | D:3      | Noticed ziggurnaut's ghost (weakling TrNe)
  3476 | D:4      | Killed ziggurnaut's ghost
  3507 | D:4      | Reached skill level 5 in Armour
  4448 | D:4      | Noticed a steam dragon
  4460 | D:4      | Killed a steam dragon
  4461 | D:4      | Reached XP level 7. HP: 14/44 MP: 7/7
  5311 | D:4      | Found a snail-covered altar of Cheibriados.
  5342 | D:4      | Found a bloodstained altar of Trog.
  5451 | D:5      | Entered Level 5 of the Dungeon
  5784 | D:5      | Found a blossoming altar of Fedhas.
  6206 | D:5      | Reached skill level 5 in Axes
  6668 | D:5      | Noticed Ijyb
  6674 | D:5      | Killed from afar by Ijyb

Illustrated notes

Levels and vault maps discovered:
D:1:      onia_arrival_pyramid, layout_basic, basic_ecumenical_altar
D:2:      minmay_general_purpose_star, layout_loops_ring, basic_altar
D:3:      minmay_thinvault, layout_basic, nicolae_sif_muna_condensation,
          gammafunk_ghost_icy, serial_co_window_serial, co_window_paths_a,
          co_window_paths_a, co_window_corner_a, co_window_of_opportunity_a,
          co_window_paths_a, co_window_broadway_b, co_window_cross_3,
          co_window_unsneaky_path_b, co_window_4corner_b, glass_columns_a,
          glass_columns_b, glass_columns_b, glass_columns_a, uniq_jessica,
          uniq_sigmund
D:4:      layout_cave_pools, mainiacjoe_overflow_two_lobes
D:5:      layout_gridville, fedhas_altar_4, serial_shops, kennysheep_mini,
          kennysheep_cross_room, uniq_blork_the_orc, uniq_ijyb, uniq_edmund

Skill      XL: |  1  2  3  4  5  6  7 |
---------------+----------------------+-----
Axes           | 2 3 4 5 |  5.1
Armour         | 4 5 |  5.5
Fighting       | 4 |  4.9
Shields        | 4 |  4.4
Stealth        | |  0.1
Evocations     | |  0.6

Action                   |  1- 3 |  4- 6 |  7- 9 || total
-------------------------+-------+-------+-------++-------
Melee: War axe           |   130 |   170 |    27 ||   327
  Use: Scroll            |       |     7 |     5 ||    12
       Potion            |       |     2 |       ||     2
Armor: Scale mail        |    60 |   101 |       ||   161
       Chain mail        |       |    21 |    23 ||    44
Dodge: Dodged            |    67 |    65 |     6 ||   138
Block: Buckler           |    28 |    40 |     6 ||    74

Table legend: (Time is in decaauts)
 A = Elapsed time spent in this place.
 B = Non-inter-level travel time spent in this place.
 C = Inter-level travel time spent in this place.
 D = Time resting spent in this place.
 E = Time spent auto-exploring this place.
 F = Levels seen in this place.
 G = Mean time per level.
                   A        B        C        D        E       F      G
               +--------+--------+--------+--------+--------+-----+--------+
         Total |   6793 |   6622 |    171 |   2215 |   3440 |   5 | 1358.6 |
       Dungeon |   6793 |   6622 |    171 |   2215 |   3440 |   5 | 1358.6 |
               +--------+--------+--------+--------+--------+-----+--------+

Top non-repeatable levels by time:
     D:3: 2156 daAuts
     D:4: 1598 daAuts
     D:5: 1227 daAuts
     D:2: 1014 daAuts
     D:1: 795 daAuts
